AoeStats
← Shredded_Pork

Arena

507475445Analyzed
4v4 RM · 13d ago on Sep 18, 2026· 10m 31s· 8 players
Game mode
Random Map
Map size
Large (8 player)
Population
200
Speed
Normal
Resources
Standard
Victory
Conquest
Starting age
Dark Age
Ending age
Imperial Age
RankedLock teamsTeams togetherTeam positionsShared explorationLock speedFull tech treeHidden civsTurbo modeCheats
Victory
Defeat
🇹🇼 Wu · Taiwan
748
+13
🇦🇺 Wei · Australia
708
+15
🇨🇳 Bohemians · China
669
+17
🇦🇺 Romans · Australia
664
+17
🇨🇳 Turks · China
750
-18
🇮🇹 Italians · Italy
674
-15
🇩🇪 Wu · Germany
671
-15
🇧🇷 Vietnamese · Brazil
659
-14
JP_AoE2
11:53 Feudal Age
Shredded_Pork
10:32 Feudal Age
三國超人
0:31 Loom
11:11 Feudal Age
TownsVanFran
0:37 Loom
12:16 Feudal Age
carognavera
metro86
6:04 Loom
Yur1Janu4r10
hayate kokoa
6:32 Loom
Connection lost

Rejoining the realm…

Still unreachable

The connection could not be restored.

Session expired

The server has moved on; the page needs a fresh start.